[Event "Early-Titled-Tuesday-Blitz-November-28-2023"]
[Site "Chess.com"]
[Date "2023.11.28"]
[Round "1"]
[White "Pendos666"]
[Black "kunaevchess"]
[Result "1-0"]
[WhiteElo "2793"]
[BlackElo "2437"]
[TimeControl "180+1"]
[EndTime "8:04:56 PST"]
[Termination "Pendos666 won by resignation"]

1. e4 e5 2. Nf3 Nf6 3. Nxe5 d6 4. Nf3 Nxe4 5. Nc3 Nxc3 6. dxc3 Be7 7. Bf4 Nc6 8. Qd2 Bf5 9. Bb5 a6 10. Bc4 f6 11. O-O-O Qd7 12. Rhe1 g5 13. Be3 O-O-O 14. h4 g4 15. Nd4 Nxd4 16. Qxd4 c5 17. Qd5 Kb8 18.
Bf4 b5 19. Bf1 Rhe8 20. g3 Bf8 21. Bg2 Qa7 22. Qxf5 1-0

[Event "Early-Titled-Tuesday-Blitz-November-28-2023"]
[Site "Chess.com"]
[Date "2023.11.28"]
[Round "1"]
[White "Casper"]
[Black "BardArtem"]
[Result "0-1"]
[WhiteElo "2429"]
[BlackElo "2769"]
[TimeControl "180+1"]
[EndTime "8:04:57 PST"]
[Termination "BardArtem won by resignation"]

1. d4 d5 2. Bf4 Nf6 3. e3 c5 4.
Nf3 Nc6 5. c3 Qb6 6. Qc2 g6 7.
Nbd2 Bf5 8. dxc5 Qxc5 9. Qb3 Qb6 10. h3 Bg7 11. Qxb6 axb6 12. Bb5 O-O 13. O-O Rfc8 14. Rfc1 Ne4 15. Nxe4 Bxe4 16. Nd4 e5 17. f3 exf4 18. fxe4 fxe3 19. exd5 Nxd4 20. cxd4 Bxd4 21. Kf1 Bxb2 22. Rxc8+ Rxc8 23. Rb1 Bd4 24. Ke2 Rc2+ 25. Kd3 Rd2+ 26.
Ke4 f5+ 27. Kf3 Rf2+ 28. Kg3 Be5+ 29. Kh4 Rf4+ 30. Kg5 Kg7 0-1

[Event "Early-Titled-Tuesday-Blitz-November-28-2023"]
[Site "Chess.com"]
[Date "2023.11.28"]
[Round "1"]
[White "Herman-NY"]
[Black "defenceboy"]
[Result "0-1"]
[WhiteElo "2500"]
[BlackElo "2942"]
[TimeControl "180+1"]
[EndTime "8:04:59 PST"]
[Termination "defenceboy won by resignation"]

1. e4 c6 2. d4 d5 3. e5 Bf5 4. h4 h5 5. c4 e6 6. Nc3 Be7 7. g3 dxc4 8. Bxc4 Nd7 9. Nge2 Nh6 10. Bxh6 Rxh6 11. f4 Nb6 12. Bd3 Bg4 13. Qb3 Kf8 14. Rf1 g6 15. O-O-O Kg7 16. Kb1 Rh8 17. Rd2 Nd5 18. Nxd5 Qxd5 19. Qxd5 cxd5 20. Rc2 Rhc8 21. Rfc1 Rxc2 22. Rxc2 Bd8 23. Rd2 Ba5 24. Nc3 Bb6 25. Bc2 Rc8 26. Bb3 Bf5+ 27. Kc1 Ba5 28. Bc2 Bxc3 29. bxc3 Rxc3 30. Kb2 Rxg3 0-1

[Event "Early-Titled-Tuesday-Blitz-November-28-2023"]
[Site "Chess.com"]
[Date "2023.11.28"]
[Round "1"]
[White "PapaieDudu"]
[Black "lefonghua"]
[Result "0-1"]
[WhiteElo "2412"]
[BlackElo "2715"]
[TimeControl "180+1"]
[EndTime "8:05:01 PST"]
[Termination "lefonghua won by resignation"]

1. e4 c5 2. Nf3 g6 3. d4 cxd4 4. Nxd4 Bg7 5. Bc4 Nc6 6. Be3 Nf6 7. Nc3 Qa5 8. O-O O-O 9. Bb3 d6 10. h3 Bd7 11. f4 Nxd4 12. Bxd4 Bc6 13. Qd3 Nd7 14. Bxg7 Kxg7 15. Rf2 Qc5 16. Rf1 Rad8 17. Kh2 Nf6 18. f5 Qe5+ 19. Rf4 Nh5 20. g3 Nxf4 21.
gxf4 Qf6 22. Rg1 e6 23. fxe6 Qxf4+ 24. Kh1 fxe6 25. Bxe6 Rde8 26. Bd5 Qf3+ 27. Qxf3 Rxf3 28. Rd1 Bxd5 29. Kg2 Rxc3 30. bxc3 Bxe4+ 31. Kf2 d5 32. Rd4 Rc8 33. c4 Rxc4 34. Rd1 Rxc2+ 35. Ke3 Rxa2 36.
Kd4 Rh2 37. Ke5 Rxh3 38. Rc1 Rf3 39. Rc7+ Rf7 40. Rc1 h5 41. Rg1 Kh6 42. Kd4 h4 43. Ke5 h3 44. Kd4 h2 0-1

[Event "Early-Titled-Tuesday-Blitz-November-28-2023"]
[Site "Chess.com"]
[Date "2023.11.28"]
[Round "1"]
[White "GoValya"]
[Black "djano"]
[Result "0-1"]
[WhiteElo "2200"]
[BlackElo "2567"]
[TimeControl "180+1"]
[EndTime "8:05:01 PST"]
[Termination "djano won on time"]

1. d4 d5 2. g3 e6 3. Bg2 c5 4. Nf3 Nc6 5. O-O Nf6 6. c4 Be7 7. cxd5 exd5 8. Nc3 O-O 9. dxc5 Bxc5 10. Bd2 d4 11.
Na4 Be7 12. Rc1 Be6 13. Nc5 Bd5 14. Kh1 Qb6 15. Nb3 Rad8 16. Bg5 h6 17. Bf4 a5 18. Nbxd4 Bxf3 19. Nxc6 Bxg2+ 20. Kxg2 bxc6 21. Qc2 Nd5 22.
Bd2 Bf6 23. Qxc6 Qxb2 24. Rb1 Qxd2 25. Rfd1 Qc3 26. Rxd5 Qxc6 0-1

[Event "Early-Titled-Tuesday-Blitz-November-28-2023"]
[Site "Chess.com"]
[Date "2023.11.28"]
[Round "1"]
[White "EvgenyBurmakin"]
[Black "Hasangatin_Ramil"]
[Result "0-1"]
[WhiteElo "2386"]
[BlackElo "2689"]
[TimeControl "180+1"]
[EndTime "8:05:02 PST"]
[Termination "Hasangatin_Ramil won by resignation"]

1. e4 Nc6 2. Nf3 d6 3. Nc3 Nf6 4. d4 Bg4 5. Be3 g6 6. h3 Bxf3 7. Qxf3 Bg7 8. O-O-O O-O 9. d5 Ne5 10. Qg3 c6 11. f4 Ned7 12. dxc6 bxc6 13. e5 Nd5 14.
Nxd5 cxd5 15. Rxd5 Nb6 16. Rd1 Qc7 17. exd6 exd6 18. Bd4 Rfc8 19. Qf2 Bh6 20. g3 Rab8 21.
Bg2 Nc4 22. Bc3 Nxb2 23. Bxb2 Rxb2 24. Kxb2 Bg7+ 25. Kc1 Qc3 26. Be4 Rb8 27. Rd4 Bxd4 28. Qf3 Rb1+ 0-1

[Event "Early-Titled-Tuesday-Blitz-November-28-2023"]
[Site "Chess.com"]
[Date "2023.11.28"]
[Round "1"]
[White "HajiyevKanan"]
[Black "h4parah5"]
[Result "0-1"]
[WhiteElo "2503"]
[BlackElo "2945"]
[TimeControl "180+1"]
[EndTime "8:05:06 PST"]
[Termination "h4parah5 won by checkmate"]

1. d4 Nf6 2. c4 g6 3. Nf3 Bg7 4. g3 O-O 5. Bg2 c5 6. O-O cxd4 7. Nxd4 Nc6 8. Nc3 Qa5 9. Qd2 Qc5 10. Nxc6 dxc6 11.
b3 Qh5 12. Ba3 Re8 13. Rad1 Bh3 14. f3 Bh6 15. Qc2 Be3+ 16. Kh1 Qa5 17. Bb2 Bf5 18. Ne4 Bxe4 19. fxe4 Ng4 20. Rd7 Rad8 21. Rd3 Nf2+ 22. Rxf2 Bxf2 23. Bc3 Qc5 24. h3 Rxd3 25. Qxd3 Qe3 26.
g4 Qc1+ 27. Kh2 Qg1# 0-1

[Event "Early-Titled-Tuesday-Blitz-November-28-2023"]
[Site "Chess.com"]
[Date "2023.11.28"]
[Round "1"]
[White "snowlord"]
[Black "arenal72"]
[Result "1-0"]
[WhiteElo "2885"]
[BlackElo "2495"]
[TimeControl "180+1"]
[EndTime "8:05:09 PST"]
[Termination "snowlord won by resignation"]

1. e4 Nc6 2. d4 d5 3. e5 Bf5 4.
c3 Qd7 5. Be2 f6 6. f4 O-O-O 7.
Nf3 h6 8. Nh4 g6 9. O-O h5 10.
Nxf5 Qxf5 11. Bd3 Qd7 12. b4 f5 13. Qa4 a6 14. b5 Na7 15. Na3 e6 16. Qb3 axb5 17.
Nxb5 Nxb5 18. Bxb5 c6 19. Bd3 Qc7 20. Rb1 Rh7 21.
Qa4 c5 22. Ba6 Rdd7 23. Rxb7 1-0

[Event "Early-Titled-Tuesday-Blitz-November-28-2023"]
[Site "Chess.com"]
[Date "2023.11.28"]
[Round "1"]
[White "suyu28"]
[Black "Kombinator01"]
[Result "1-0"]
[WhiteElo "2739"]
[BlackElo "2419"]
[TimeControl "180+1"]
[EndTime "8:05:17 PST"]
[Termination "suyu28 won by resignation"]

1. e4 e5 2. Nf3 Nc6 3. d4 exd4 4. Nxd4 Bc5 5. Nb3 Bb6 6. Nc3 Nf6 7. Bg5 h6 8. Bh4 O-O 9. Be2 a5 10. a4 d6 11. O-O Be6 12. Kh1 g5 13. Bg3 d5 14.
e5 Ne4 15. Nxe4 dxe4 16. Qc1 f5 17. exf6 Qxf6 18. f4 g4 19. f5 Bxb3 20. cxb3 Nd4 21. Bc4+ Kh7 22. Qf4 Qxf5 23. Qd2 Qg6 24. Be5 Rad8 25.
Rxf8 Rxf8 26. Re1 Rd8 27. Qf4 Nc6 28. Bf7 Qg5 29. Qxe4+ 1-0

[Event "Early-Titled-Tuesday-Blitz-November-28-2023"]
[Site "Chess.com"]
[Date "2023.11.28"]
[Round "1"]
[White "Emp3rador"]
[Black "parintele_chess"]
[Result "1-0"]
[WhiteElo "2557"]
[BlackElo "2192"]
[TimeControl "180+1"]
[EndTime "8:05:20 PST"]
[Termination "Emp3rador won by resignation"]

1. e4 e5 2. Nf3 Nc6 3. d4 exd4 4.
Nxd4 Nf6 5. Nc3 Bb4 6. Nxc6 bxc6 7. Bd3 d6 8. O-O Bxc3 9. bxc3 h6 10. Qf3 O-O 11. Qg3 Kh8 12. Qh4 Nd7 13. Qh5 Nf6 14. Qh4 Nd7 15. Qh5 Nf6 16. Qf3 Kg8 17. h3 Nd7 18.
Qg3 Kh8 19. Be3 Ne5 20. f4 Nxd3 21. cxd3 f5 22. Bd4 Qe7 23. Rae1 Qf7 24. c4 c5 25.
Bc3 fxe4 26. Rxe4 Bf5 27. Re3 Rae8 28. Rfe1 Rxe3 29. Rxe3 Qg6 30. Qh4 Re8 31. Rg3 Qf7 32. Rxg7 Qxg7 33. Qxh6+ 1-0

[Event "Early-Titled-Tuesday-Blitz-November-28-2023"]
[Site "Chess.com"]
[Date "2023.11.28"]
[Round "1"]
[White "bubeliang"]
[Black "queen_iryna"]
[Result "1-0"]
[WhiteElo "2634"]
[BlackElo "2327"]
[TimeControl "180+1"]
[EndTime "8:05:21 PST"]
[Termination "bubeliang won by resignation"]

1. e4 d6 2. d4 Nf6 3. Nc3 e5 4. Nf3 Nbd7 5. Bc4 Be7 6. dxe5 Nxe5 7. Nxe5 dxe5 8. Qe2 O-O 9. O-O c6 10. f4 exf4 11.
Bxf4 Be6 12. Bxe6 fxe6 13. Qc4 Qc8 14. a4 Kh8 15. Rad1 Ng4 16. h3 Nf6 17. Bd6 Bxd6 18. Rxd6 e5 19. Rfd1 a5 20. Ne2 Qb8 21.
Ng3 Qa7+ 22. Kh2 Qb6 23. b3 Rad8 24. Qe6 Rxd6 25. Rxd6 Re8 26. Qf7 Qb4 27. Rxf6 Rg8 28. Re6 Qb6 29. Re8 1-0

[Event "Early-Titled-Tuesday-Blitz-November-28-2023"]
[Site "Chess.com"]
[Date "2023.11.28"]
[Round "1"]
[White "HATilay"]
[Black "Shield12"]
[Result "0-1"]
[WhiteElo "2506"]
[BlackElo "2957"]
[TimeControl "180+1"]
[EndTime "8:05:24 PST"]
[Termination "Shield12 won by resignation"]

1. d4 Nf6 2. c4 e6 3. Nc3 Bb4 4. e3 O-O 5. Bd3 d5 6. Nf3 c5 7. cxd5 cxd4 8. exd4 Nxd5 9. O-O Nc6 10. Bc2 Be7 11.
Qd3 Nf6 12. a3 h6 13. Bf4 b6 14. Rad1 a5 15. Rfe1 Ba6 16. Qd2 Re8 17. Bxh6 gxh6 18. Qxh6 Bf8 19. Qh4 Bg7 20. Ng5 Ne7 21. Bh7+ Kf8 22.
Re3 Nf5 23. Bxf5 exf5 24. Re5 Qd7 25. Rde1 Bb7 26. f3 0-1

[Event "Early-Titled-Tuesday-Blitz-November-28-2023"]
[Site "Chess.com"]
[Date "2023.11.28"]
[Round "1"]
[White "StellarChessPro"]
[Black "C_K_G"]
[Result "1-0"]
[WhiteElo "2552"]
[BlackElo "2157"]
[TimeControl "180+1"]
[EndTime "8:05:25 PST"]
[Termination "StellarChessPro won by checkmate"]

1. b3 d5 2. Bb2 e6 3. Nf3 Nf6 4. d3 c5 5. Nbd2 Nc6 6. g3 Bd6 7. Bg2 O-O 8. O-O e5 9. e4 d4 10. Nh4 Re8 11. Nf5 Bxf5 12. exf5 Qd7 13. Ne4 Nxe4 14.
Bxe4 f6 15. a3 Rac8 16. Bd5+ Kh8 17. Be6 Rxe6 18. fxe6 Qxe6 19. Qf3 Rc7 20. Rae1 Ne7 21. Re2 Ng6 22. Rfe1 Qh3 23. Qg2 Qh5 24. Bc1 f5 25.
Qd5 Rc6 26. f4 exf4 27. Qxd6 h6 28. Re8+ Kh7 29. Qd5 Ne5 30. Qg8+ Kg6 31. R1xe5 Qd1+ 32. Re1 Qxc2 33. R8e6+ Rxe6 34. Qxe6+ Kg5 35. Bxf4+ Kg4 36. Qg6+ Kf3 37. Qh5# 1-0

[Event "Early-Titled-Tuesday-Blitz-November-28-2023"]
[Site "Chess.com"]
[Date "2023.11.28"]
[Round "1"]
[White "SmirnovTimofey2000"]
[Black "Kaua18"]
[Result "0-1"]
[WhiteElo "2077"]
[BlackElo "2544"]
[TimeControl "180+1"]
[EndTime "8:05:25 PST"]
[Termination "Kaua18 won on time"]

1. d4 e6 2. Bf4 c5 3. e3 Nc6 4. c3 Nf6 5. Nd2 d5 6. Ngf3 Bd6 7. Bg3 O-O 8. Bd3 b6 9. e4 cxd4 10. e5 dxc3 11. bxc3 Nxe5 12. Bxe5 Bxe5 13. Nxe5 Qc7 14.
Nef3 Qxc3 15. Bc2 Ba6 16. Rb1 Rac8 17. Bb3 Ne4 18. Ng1 Qd3 19. Ne2 Nxd2 20. Bc2 Qxe2+ 21. Qxe2 Bxe2 22. Kxe2 Nxb1 23. Rxb1 Rxc2+ 24. Ke1 Rfc8 0-1

[Event "Early-Titled-Tuesday-Blitz-November-28-2023"]
[Site "Chess.com"]
[Date "2023.11.28"]
[Round "1"]
[White "GMBenjaminBok"]
[Black "GameOverBro"]
[Result "1-0"]
[WhiteElo "3027"]
[BlackElo "2516"]
[TimeControl "180+1"]
[EndTime "8:05:27 PST"]
[Termination "GMBenjaminBok won by resignation"]

1. d4 d6 2. Nf3 Nf6 3. c4 Nbd7 4.
Nc3 e5 5. g3 Be7 6. Bg2 c6 7.
Qc2 O-O 8. O-O Re8 9. Rd1 Qc7 10. b3 a5 11. Bb2 Bf8 12. dxe5 dxe5 13. Ng5 Nc5 14.
Nce4 Nfxe4 15. Nxe4 f5 16. Nxc5 Bxc5 17. e3 Be6 18.
Bh3 g6 19. Qc3 Bf7 20. a3 Rad8 21. Bf1 Bf8 22. Rxd8 Qxd8 23. Be2 Qc7 24. Rd1 Bg7 25. Qd2 Be6 26. Bc3 b6 27. Qd6 Qc8 28. Bxe5 Bf8 29. Qd4 Bxa3 30. Qxb6 Be7 31. Qxa5 Kf7 32. Bb2 Qb7 33. Qc3 Rg8 34. Bf3 Bb4 35. Qf6+ 1-0

[Event "Early-Titled-Tuesday-Blitz-November-28-2023"]
[Site "Chess.com"]
[Date "2023.11.28"]
[Round "1"]
[White "seasidesunset"]
[Black "blank0923"]
[Result "0-1"]
[WhiteElo "2212"]
[BlackElo "2574"]
[TimeControl "180+1"]
[EndTime "8:05:30 PST"]
[Termination "blank0923 won by resignation"]

1. e4 c5 2. Nf3 Nc6 3. g3 g6 4. Bg2 Bg7 5. c3 d5 6. exd5 Qxd5 7. O-O Qd3 8. Re1 Nh6 9. Re3 Qd6 10. Na3 Nf5 11.
Re1 O-O 12. Nb5 Qd3 13. Bf1 Qd7 14. d3 a6 15. Na3 b5 16. Be3 Nxe3 17. Rxe3 Bb7 18. Bg2 Rfd8 19. Nc2 Bh6 20. Re1 Qxd3 21. Qxd3 Rxd3 22. Ne5 Nxe5 23. Bxb7 Ra7 24. Rxe5 Rxb7 25.
Rxc5 Rd2 26. Rc1 Re2 27. Ne3 Rxe3 28. fxe3 Bxe3+ 29. Kg2 Bxc5 30. Rd1 Bd6 0-1

[Event "Early-Titled-Tuesday-Blitz-November-28-2023"]
[Site "Chess.com"]
[Date "2023.11.28"]
[Round "1"]
[White "ElVital"]
[Black "Aygehovit1992"]
[Result "0-1"]
[WhiteElo "2413"]
[BlackElo "2721"]
[TimeControl "180+1"]
[EndTime "8:05:32 PST"]
[Termination "Aygehovit1992 won by resignation"]

1. e4 c5 2. Nf3 e6 3. d4 cxd4 4. Nxd4 Nc6 5. Nc3 Qc7 6. a3 a6 7. Be3 b5 8. f4 Bb7 9. Qf3 Nf6 10. Bd3 Nxd4 11. Bxd4 Bc5 12. Bxc5 Qxc5 13. g4 d5 14. e5 Nd7 15. Qf2 Qxf2+ 16. Kxf2 g5 17. Kg3 h5 18.
gxh5 gxf4+ 19. Kxf4 Rxh5 20. Rae1 O-O-O 21. h4 Rdh8 22. Ne2 Nxe5 23. Ng3 Nxd3+ 24. cxd3 Rxh4+ 25. Rxh4 Rxh4+ 26. Ke5 Rg4 27. Ne2 Kd7 28. Rf1 Ke7 0-1

[Event "Early-Titled-Tuesday-Blitz-November-28-2023"]
[Site "Chess.com"]
[Date "2023.11.28"]
[Round "1"]
[White "Cheer_Down"]
[Black "vovachesss"]
[Result "0-1"]
[WhiteElo "2484"]
[BlackElo "2864"]
[TimeControl "180+1"]
[EndTime "8:05:39 PST"]
[Termination "vovachesss won by resignation"]

1. d4 d6 2. e4 Nf6 3. Nc3 e5 4. Nf3 Nbd7 5. Bc4 Be7 6. O-O O-O 7. h3 c6 8. a4 a5 9. Re1 Qc7 10. Be3 Nb6 11. Bb3 Nfd7 12. d5 Nc5 13. Bxc5 dxc5 14.
dxc6 bxc6 15. Nd2 Ba6 16. Qf3 Rad8 17. Rad1 c4 18. Ba2 Bb4 19. Nf1 Rd4 20. Ne3 g6 21. Ng4 Qe7 22. Rf1 Kg7 23. Ne2 Rxd1 24. Rxd1 h5 25. Ne3 Nxa4 26. Ng3 Qg5 27. h4 Qf4 28. Nef5+ Kh7 29. Nxh5 Qxf3 30. Nf6+ Kh8 31. gxf3 gxf5 0-1

[Event "Early-Titled-Tuesday-Blitz-November-28-2023"]
[Site "Chess.com"]
[Date "2023.11.28"]
[Round "1"]
[White "MatthewG-p4p"]
[Black "TheoSlade"]
[Result "1-0"]
[WhiteElo "2944"]
[BlackElo "2503"]
[TimeControl "180+1"]
[EndTime "8:05:40 PST"]
[Termination "MatthewG-p4p won by checkmate"]

1. e4 e5 2. Nf3 Nc6 3. d4 exd4 4. c3 dxc3 5. Nxc3 Bc5 6. Bc4 d6 7. Qb3 Qe7 8. O-O Nf6 9. Bg5 Nd4 10. Nxd4 Bxd4 11. Nd5 Qd8 12. Rad1 Be5 13. f4 c6 14. fxe5 cxd5 15. Bb5+ Bd7 16. Bxd7+ Qxd7 17. exf6 dxe4 18. fxg7 Rg8 19. Bf6 Rc8 20. Qd5 e3 21. Rd4 Rc5 22. Re4+ Qe6 23. Rxe6+ fxe6 24. Qxe6# 1-0

[Event "Early-Titled-Tuesday-Blitz-November-28-2023"]
[Site "Chess.com"]
[Date "2023.11.28"]
[Round "1"]
[White "lluiss"]
[Black "mbachez"]
[Result "0-1"]
[WhiteElo "2210"]
[BlackElo "2570"]
[TimeControl "180+1"]
[EndTime "8:05:40 PST"]
[Termination "mbachez won by resignation"]

1. Nf3 Nf6 2. d4 d5 3. c4 c6 4.
cxd5 cxd5 5. Nc3 Nc6 6. Bf4 Ne4 7. e3 Nxc3 8. bxc3 g6 9. Bd3 Bg7 10. O-O O-O 11. h3 Bf5 12. Bxf5 gxf5 13. Qd3 e6 14. c4 Rc8 15. c5 f6 16. Bd6 Rf7 17. Rfb1 Na5 18.
Nd2 b6 19. Nb3 Nc4 20. Nd2 Nxd6 21. cxd6 Qxd6 22. Rc1 Rfc7 23. Nb3 Rc4 24. Qd1 f4 25. Nd2 Rxc1 26. Rxc1 Rxc1 27. Qxc1 fxe3 28. fxe3 Qd7 29.
Nf1 Bh6 30. Qc2 Kg7 31. Kf2 f5 32. g3 Bg5 33. h4 Bd8 34. Nd2 Qc7 35. Nf3 Qxc2+ 0-1

[Event "Early-Titled-Tuesday-Blitz-November-28-2023"]
[Site "Chess.com"]
[Date "2023.11.28"]
[Round "1"]
[White "falzehope0"]
[Black "MokshAD1603"]
[Result "0-1"]
[WhiteElo "2350"]
[BlackElo "2655"]
[TimeControl "180+1"]
[EndTime "8:05:41 PST"]
[Termination "MokshAD1603 won by checkmate"]

1. d4 Nf6 2. e3 d5 3. Bd3 c5 4. c3 Nc6 5. f4 Bg4 6. Ne2 e6 7. Nd2 Bd6 8. O-O O-O 9. Nf3 Ne4 10.
Bxe4 dxe4 11. Ng5 cxd4 12. exd4 Bc7 13. Nxe4 Qd5 14. Qd3 e5 15. fxe5 Nxe5 16. Qc2 Ng6 17. N2g3 h5 18. h3 Bd7 19. Nh1 Bc6 20. Nhf2 f5 21. c4 Qxd4 22. Ng5 Qe5 23. Nf3 Bxf3 24. Ng4 fxg4 25. Rxf3 gxf3 26. Be3 Qh2+ 27. Kf1 fxg2+ 28.
Ke2 g1=Q+ 29. Kd3 Rad8+ 30. Kc3 Qxe3+ 31. Kb4 Qxc2 32. b3 a5+ 33. Ka4 Qc5 34. a3 Q5xc4# 0-1

[Event "Early-Titled-Tuesday-Blitz-November-28-2023"]
[Site "Chess.com"]
[Date "2023.11.28"]
[Round "1"]
[White "wonderfultime"]
[Black "guillembaches"]
[Result "1-0"]
[WhiteElo "3068"]
[BlackElo "2523"]
[TimeControl "180+1"]
[EndTime "8:05:43 PST"]
[Termination "wonderfultime won by resignation"]

1. d4 d5 2. c4 e6 3. Nf3 a6 4. cxd5 exd5 5. Nc3 Nf6 6. Bg5 Be6 7. e3 Nbd7 8. Bd3 Bd6 9. Qc2 c6 10. O-O Qc7 11. Ne2 h6 12. Bf4 g5 13. Bxd6 Qxd6 14. Rac1 Rg8 15. Qc3 h5 16. Ne5 Ng4 17. Nxg4 hxg4 18.
Ng3 Rh8 19. Rfe1 Nf6 20. Qb3 O-O-O 21. Qb6 Qc7 22. Qb4 Qd6 23. Qa5 Qc7 24. Qa4 Ne4 25. Bxa6 Nxg3 26. Rxc6 Ne4 27. Rxc7+ Kxc7 28. Rc1+ Kb8 29.
Bxb7 Kxb7 30. Qb5+ Ka7 31. Rc7+ 1-0

[Event "Early-Titled-Tuesday-Blitz-November-28-2023"]
[Site "Chess.com"]
[Date "2023.11.28"]
[Round "1"]
[White "Agibileg"]
[Black "ViktoriyaTarasova"]
[Result "1-0"]
[WhiteElo "2660"]
[BlackElo "2356"]
[TimeControl "180+1"]
[EndTime "8:05:43 PST"]
[Termination "Agibileg won by resignation"]

1. d4 Nf6 2. c4 e6 3. Nc3 Bb4 4. a3 Bxc3+ 5. bxc3 c5 6. f3 Nc6 7. e4 d6 8. Kf2 O-O 9. g4 b6 10. h4 Ba6 11. h5 h6 12. Nh3 Nh7 13. Ra2 Na5 14.
Kg1 Bxc4 15. Rg2 Bxf1 16. Qxf1 f6 17. Nf4 Qd7 18. d5 Ng5 19. Ng6 Rfe8 20. f4 Nxe4 21. g5 fxg5 22. fxg5 hxg5 23. h6 gxh6 24. Rxh6 Kg7 25.
Rgh2 Nf6 26. Bxg5 Rf8 27. Nxf8 Rxf8 28. Bxf6+ 1-0

[Event "Early-Titled-Tuesday-Blitz-November-28-2023"]
[Site "Chess.com"]
[Date "2023.11.28"]
[Round "1"]
[White "The_Machine04"]
[Black "LileKoridze"]
[Result "0-1"]
[WhiteElo "2639"]
[BlackElo "2370"]
[TimeControl "180+1"]
[EndTime "8:05:43 PST"]
[Termination "LileKoridze won on time"]

1. d4 Nf6 2. Bg5 e6 3. Nd2 d5 4. e3 h6 5. Bh4 c5 6. c3 Nc6 7. Ngf3 Bd6 8. Bd3 O-O 9. O-O Qe7 10. dxc5 Bxc5 11. e4 g5 12. Nxg5 hxg5 13. Bxg5 Kg7 14. Qf3 Rh8 15. exd5 Ne5 16. Qg3 Ng6 0-1

[Event "Early-Titled-Tuesday-Blitz-November-28-2023"]
[Site "Chess.com"]
[Date "2023.11.28"]
[Round "1"]
[White "gshwbedhkhd"]
[Black "Thormento16"]
[Result "0-1"]
[WhiteElo "2627"]
[BlackElo "2352"]
[TimeControl "180+1"]
[EndTime "8:05:43 PST"]
[Termination "Thormento16 won by resignation"]

1. f4 d5 2. Nf3 Nf6 3. g3 g6 4.
Bg2 Bg7 5. O-O O-O 6. d3 c6 7.
Qe1 b5 8. e4 dxe4 9. dxe4 Nbd7 10. a4 e5 11. axb5 cxb5 12. Nc3 b4 13. Nd1 a5 14. f5 Bb7 15. Nf2 Nc5 16. Nxe5 Re8 17. Bf4 g5 18. Rd1 Qb6 19. Nc4 Qa6 20. Nd6 gxf4 21. Nxe8 Rxe8 22. e5 Bxg2 23. Kxg2 Nfd7 24. gxf4 Kh8 25. Ng4 Rg8 26. Qh4 Qe2+ 27. Kh3 Ne4 28.
Rde1 Qxc2 29. Qe7 Qd3+ 30. Kh4 Bf8 31. Qxf7 Rg7 32. Qe8 Rxg4+ 33. Kxg4 Nef6+ 34. exf6 Nxf6+ 35. Kh4 Nxe8 0-1

[Event "Early-Titled-Tuesday-Blitz-November-28-2023"]
[Site "Chess.com"]
[Date "2023.11.28"]
[Round "1"]
[White "DonCiao"]
[Black "Pingah9"]
[Result "0-1"]
[WhiteElo "2117"]
[BlackElo "2548"]
[TimeControl "180+1"]
[EndTime "8:05:46 PST"]
[Termination "Pingah9 won by resignation"]

1. c4 e5 2. g3 Nc6 3. Nc3 g6 4. Bg2 Bg7 5. d3 d6 6. e4 h6 7. Nge2 Nge7 8. O-O O-O 9. Nd5 a5 10. Be3 Nd4 11. Nxd4 exd4 12. Bd2 c6 13. Nf4 a4 14. Bb4 c5 15. Bd2 Nc6 16. Nd5 Be6 17. f4 a3 18.
b3 f5 19. exf5 Bxf5 20. Qf3 Kh7 21. Rae1 Rf7 22. g4 Bd7 23. Qg3 Qf8 24. Be4 Re8 25. f5 gxf5 26. gxf5 Bf6 27. Qg6+ Kh8 28. Bxh6 Qg8 29. Nxf6 Rxf6 30. Qxg8+ Rxg8+ 31. Kh1 Rxh6 32. f6 Ne5 33. Bd5 Rf8 34. f7 Bc6 35. Rxe5 dxe5 0-1

[Event "Early-Titled-Tuesday-Blitz-November-28-2023"]
[Site "Chess.com"]
[Date "2023.11.28"]
[Round "1"]
[White "Savagelittlemole"]
[Black "KuzubovYuriy"]
[Result "0-1"]
[WhiteElo "2494"]
[BlackElo "2880"]
[TimeControl "180+1"]
[EndTime "8:05:49 PST"]
[Termination "KuzubovYuriy won by resignation"]

1. e4 c5 2. Ne2 Nc6 3. g3 d5 4. Bg2 dxe4 5. Nbc3 Nf6 6. Nxe4 Nxe4 7. Bxe4 g6 8. O-O Bg7 9. Rb1 O-O 10. b3 Qd6 11. Bg2 Be6 12. d3 Bd5 13. Bf4 e5 14. Be3 Bxg2 15. Kxg2 f5 16. f4 Rae8 17. fxe5 Nxe5 18. Bf4 Qc6+ 19. Kh3 Ng4 20. Ng1 h6 21. Qf3 Qd7 22.
Kg2 g5 23. Bd2 Ne5 24. Qh5 Qc6+ 25. Nf3 g4 0-1

[Event "Early-Titled-Tuesday-Blitz-November-28-2023"]
[Site "Chess.com"]
[Date "2023.11.28"]
[Round "1"]
[White "jefferyx"]
[Black "ybothg"]
[Result "1-0"]
[WhiteElo "3016"]
[BlackElo "2516"]
[TimeControl "180+1"]
[EndTime "8:05:50 PST"]
[Termination "jefferyx won by resignation"]

1. d4 Nf6 2. c4 g6 3. Nc3 d5 4.
Nf3 Bg7 5. Bf4 O-O 6. Rc1 c6 7. e3 h6 8. h3 Be6 9. c5 Nbd7 10.
b4 Ne4 11. Bd3 f5 12. O-O g5 13. Bh2 Bf7 14. Ne2 Bh5 15. Ne5 Nxe5 16. dxe5 g4 17. hxg4 fxg4 18. Nf4 Qe8 19. Bxe4 dxe4 20. Bg3 Rd8 21.
Qc2 Bxe5 22. Ne6 Bxg3 23. fxg3 Rxf1+ 24. Rxf1 Rd3 25. Qc4 Bf7 26. Qxe4 Qd7 27. Qxg4+ 1-0

[Event "Early-Titled-Tuesday-Blitz-November-28-2023"]
[Site "Chess.com"]
[Date "2023.11.28"]
[Round "1"]
[White "GP9isback23"]
[Black "IsuruAlahakoon"]
[Result "1-0"]
[WhiteElo "2603"]
[BlackElo "2268"]
[TimeControl "180+1"]
[EndTime "8:05:52 PST"]
[Termination "GP9isback23 won by resignation"]

1. d4 d5 2. e3 Nf6 3. Nf3 c5 4. Be2 Nc6 5. O-O Bg4 6. a3 e6 7. dxc5 Bxc5 8. b4 Bd6 9. Bb2 O-O 10. Nbd2 Rc8 11. c4 h6 12. Rc1 Qe7 13. h3 Bh5 14. Qb3 Rfd8 15. Rfd1 Ne4 16. Ba1 Ne5 17. Bxe5 Bxe5 18. g4 dxc4 19. Nxc4 Rxd1+ 20. Rxd1 Nc3 21. Ncxe5 Nxe2+ 22. Kf1 Nc3 23. Rd3 Qc7 24. gxh5 Ne4 25. Kg2 Qc2 26. Rd8+ Kh7 27. Qxc2 Rxc2 28. Nxf7 Rxf2+ 29. Kg1 g6 30. hxg6+ Kxg6 31. N3e5+ Kf6 32. Ng4+ Ke7 33.
Nxf2 1-0

[Event "Early-Titled-Tuesday-Blitz-November-28-2023"]
[Site "Chess.com"]
[Date "2023.11.28"]
[Round "1"]
[White "Kirill_Klukin"]
[Black "szachmistrz2500"]
[Result "1-0"]
[WhiteElo "2857"]
[BlackElo "2476"]
[TimeControl "180+1"]
[EndTime "8:05:55 PST"]
[Termination "Kirill_Klukin won by resignation"]

1. d4 d5 2. c4 c6 3. Nc3 Nf6 4. Nf3 a6 5. e3 b5 6. b3 Bg4 7. Bd3 e6 8. h3 Bxf3 9. Qxf3 Nbd7 10. O-O Bb4 11. Bb2 bxc4 12. bxc4 Rb8 13. Ne2 a5 14. c5 a4 15. Rab1 O-O 16. a3 Ba5 17.
Bc2 Qc7 18. Bxa4 Ne4 19. Nf4 Nd2 20. Qe2 Nxb1 21. Rxb1 Bc3 22. Qc2 Bxb2 23. Rxb2 Rxb2 24. Qxb2 Rb8 25. Qc2 e5 26. Nd3 exd4 27. exd4 g6 28. Nb4 Re8 29. g3 Re6 30. Qd3 h5 31. h4 Nf6 32. Qa6 Ng4 33. Bxc6 Re2 34. Qxe2 1-0